 Dungeon Crawl Stone Soup version 0.29-a0-477-g62b78b4225 (webtiles) character file.

Game seed: 1489682429462035947

62099 snetch the Severer (level 14, 0/123 (129) HPs)
             Began as a Minotaur Berserker on May 24, 2022.
             Was the Champion of Trog.
             Killed by divine providence
             ... invoked by an orc high priest
              (12 damage)
             ... on level 2 of the Orcish Mines.
             The game lasted 01:18:24 (18807 turns).

snetch the Severer (Minotaur Berserker)            Turns: 18807, Time: 01:18:24

HP:   0/123 (129)   AC: 24    Str: 26    XL:     14   Next: 63%
MP:   13/13         EV:  9    Int:  4    God:    Trog [******]
Gold: 1255          SH:  0    Dex: 11    Spells: 13/13 levels left

rFire   + . .      SeeInvis .   a - +9 executioner's axe (flame)
rCold   . . .      Faith    .   (shield currently unavailable)
rNeg    . . .      Spirit   .   R - +1 plate armour {rF+}
rPois   +          Reflect  .   g - +0 hat
rElec   .          Harm     .   h - +0 cloak
rCorr   .          Rampage  .   Z - +0 pair of gloves
Will    ++++.                   n - +1 pair of boots "Adozes" {+Blink rPois}
Stlth   ..........              O - amulet of regeneration
HPRegen 2.10/turn               k - +4 ring of slaying
MPRegen 0.13/turn               d - ring of willpower

@: strong-willed, on berserk cooldown, regenerating, slowed, lightly drained,
very slow
A: horns 2, retaliatory headbutt
a: Renounce Religion, Evoke Blink, Berserk, Trog's Hand, Brothers in Arms


You were on level 2 of the Orcish Mines.
You worshipped Trog.
Trog was exalted by your worship.
You visited 4 branches of the dungeon, and saw 21 of its levels.
You also visited: Sewer and Gauntlet.

You collected 1295 gold pieces.
You spent 40 gold pieces at shops.

Inventory:

Hand Weapons
 a - a +9 executioner's axe of flaming (weapon)
 b - the +8 mace of Hoefiyhe {vamp, +Blink Int+5}
   (You found it on level 5 of the Dungeon)

   It occasionally heals its wielder for a portion of the damage dealt when it
   wounds a living foe.
   Int:       It affects your intelligence (+5).
   +Blink:    It lets you blink.
Missiles
 e - 45 poisoned darts
 f - 620 stones
 u - 10 boomerangs
 y - 7 curare-tipped darts
 B - 2 boomerangs of dispersal
 L - 9 silver javelins
 V - 4 javelins
Armour
 g - a +0 hat (worn)
 h - a +0 cloak (worn)
 n - the +1 pair of boots "Adozes" (worn) {+Blink rPois}
   (You found it on level 8 of the Dungeon)

   rPois:     It protects you from poison.
   +Blink:    It lets you blink.
 R - a +1 plate armour of fire resistance (worn)
 Z - a +0 pair of gloves (worn)
Jewellery
 d - a ring of willpower (right hand)
 k - a +4 ring of slaying (left hand)
 O - an amulet of regeneration (around neck)
Wands
 c - a wand of polymorph (4)
 q - a wand of paralysis (4)
 s - a wand of iceblast (12)
 w - a wand of charming (5)
 F - a wand of digging (27)
 J - a wand of flame (8) (quivered)
 P - a wand of acid (8)
 Q - a wand of mindburst (5)
Scrolls
 i - 2 scrolls of torment
 j - 7 scrolls of magic mapping
 m - 4 scrolls of poison
 p - 15 scrolls of teleportation
 x - a scroll of summoning
 C - 2 scrolls of blinking
 D - 5 scrolls of enchant armour {unknown}
 G - 2 scrolls of fear
 H - 5 scrolls of noise {unknown}
 K - 4 scrolls of fog
 S - 3 scrolls of vulnerability
 U - a scroll of brand weapon
 W - 4 scrolls of immolation
Potions
 l - 5 potions of heal wounds
 o - 4 potions of cancellation
 r - 2 potions of might
 t - 7 potions of curing
 v - 3 potions of invisibility
 z - 4 potions of flight
 A - 8 potions of haste {unknown}
 E - 8 potions of lignification {unknown}
 I - 3 potions of mutation
 N - 4 potions of attraction
 X - a potion of resistance
Miscellaneous
 M - a box of beasts
 T - a lightning rod (4/4)
 Y - a condenser vane (inert)


   Skills:
 + Level 13.4 Fighting
 + Level 17.1(18.4) Axes
 - Level 11.4(15.6) Maces & Flails
 + Level 0.5(11.2) Polearms
 + Level 8.2 Throwing
 + Level 15.4 Armour
 + Level 4.9 Dodging
 + Level 2.8 Stealth
 - Level 5.1 Shields
 + Level 1.2 Evocations


You had 13 spell levels left.
You didn't know any spells.
Your spell library contained the following spells:

 Spells                   Type           Power      Damage    Failure   Level
 Beastly Appendage        Tmut           0%         N/A       98%         1
 Magic Dart               Conj           0%         1d3       98%         1
 Call Imp                 Summ           0%         N/A       99%         2
 Ensorcelled Hibernation  Hex/Ice        0%         N/A       99%         2
 Wereblood                Tmut           0%         N/A       99%         2
 Dazzling Flash           Conj/Hex       0%         N/A       100%        3
 Inner Flame              Hex/Fire       0%         N/A       100%        3
 Mephitic Cloud           Conj/Pois/Air  0%         N/A       100%        3
 Spider Form              Tmut/Pois      0%         N/A       100%        3
 Summon Guardian Golem    Hex/Summ       0%         N/A       100%        3
 Airstrike                Air            0%         N/A       100%        4
 Anguish                  Hex/Necr       0%         N/A       100%        4
 Animate Armour           Summ/Erth      0%         N/A       100%        4
 Animate Dead             Necr           0%         N/A       100%        4
 Cause Fear               Hex            0%         N/A       100%        4
 Petrify                  Tmut/Erth      0%         N/A       100%        4
 Summon Ice Beast         Ice/Summ       0%         N/A       100%        4
 Summon Lightning Spire   Summ/Air       0%         N/A       100%        4
 Agony                    Necr           0%         N/A       100%        5
 Alistair's Intoxication  Tmut/Pois      0%         N/A       100%        5
 Borgnjor's Vile Clutch   Necr/Erth      0%         N/A       100%        5
 Lightning Bolt           Conj/Air       0%         1d11      100%        5
 Metabolic Englaciation   Hex/Ice        0%         N/A       100%        5
 Silence                  Hex/Air        0%         N/A       100%        5
 Summon Mana Viper        Hex/Summ       0%         N/A       100%        5
 Death Channel            Necr           0%         N/A       100%        6
 Eringya's Noxious Bog    Tmut/Pois      0%         N/A       100%        6
 Statue Form              Tmut/Erth      0%         N/A       100%        6
 Monstrous Menagerie      Summ           0%         N/A       100%        7
 Orb of Destruction       Conj           0%         9d5       100%        7
 Spellforged Servitor     Conj/Summ      0%         N/A       100%        7
 Discord                  Hex            0%         N/A       100%        8


Dungeon Overview and Level Annotations

Branches:
Dungeon (15/15)            Temple (1/1) D:6            Lair (3/6) D:8
  Snake (0/4) Lair:2          Orc (2/2) D:11            Elf (0/3) Orc:2
 Vaults (0/5) D:13         Depths (0/4) D:15          Sewer (visited)
Gauntlet (visited)
  Swamp: Lair:2-4    Shoals: Lair:2-4

Altars:
Ashenzari
Cheibriados
Dithmenos
Elyvilon
Fedhas
Gozag
Hepliaklqana
Kikubaaqudgha
Makhleb
Nemelex Xobeh
Okawaru
Qazlal
Ru
Sif Muna
Trog
Uskayaw
Vehumet
Wu Jian
Xom
Yredelemnul
Zin
The Shining One
Beogh

Shops:
D:15 *=   Orc:2 [:

Annotations:
D:11 bad monsters behind dig


Innate Abilities, Weirdness & Mutations

You have a pair of horns on your head.
You reflexively headbutt those who attack you in melee.


Message History

The orc is severely wounded.
The orc barely misses you.
Unknown command.
You slash the soul eater! You burn the soul eater.
The soul eater is moderately wounded.
Unknown command.
You hit the soul eater but do no damage.
The soul eater is moderately wounded.
The soul eater draws from the surrounding life force!
* * * LOW HITPOINT WARNING * * *
The soul eater is healed.
The soul eater hits you!
* * * LOW HITPOINT WARNING * * *
You feel drained.
* * * LOW HITPOINT WARNING * * *
You feel much better.
The orc high priest mumbles some strange prayers to Beogh against you.
Beogh smites you!
* * * LOW HITPOINT WARNING * * *
The soul eater hits you but does no damage.
You feel much better. The soul eater hits you!
* * * LOW HITPOINT WARNING * * *
The soul eater hits you!
* * * LOW HITPOINT WARNING * * *
You feel drained.
* * * LOW HITPOINT WARNING * * *
Unknown command.
You hit the soul eater but do no damage.
The soul eater closely misses you.
The orc high priest prays.
Unknown command.
Clouds of flame condense around you!
The condenser dries out!
The soul eater hits you!
* * * LOW HITPOINT WARNING * * *
The orc is engulfed in blazing flames.
You kill the orc!
Trog accepts your kill.
The orc high priest is engulfed in blazing flames.
The orc high priest mumbles some strange prayers to Beogh against you.
Beogh smites you!
You die...

............. ... ...........#.
#.# #.#######).... #.._ #.# #.#
#.#....∩#..... # #...
#.###.###.#.....#..... #. ...
#.. ... ..#.....#..)..
#.o###'###.# #.# #.#.).).#)....
#3o........# #.# #.###)###.....
....⌠.3.⌠..# #@# #....)).......
#.o......))###3###..##)###.....
#.....)oo))†.o§§....#....#.....
#4.###.###)#######..#....#.....
#. #.# #..#...∩#..... #. #.#
#..######..... .. ...
.............. .. ...
.............. ##. ##...
...............


You could see a soul eater (summoned) and an orc high priest.

Vanquished Creatures
  An orc warlord (Orc:2)
  A fire giant (D:15)
  A minotaur (Gauntlet)
  Josephine (D:10)
  A rakshasa (D:15)
  5 boulder beetles
  6 hydras
  Erolcha (Orc:2)
  7 two-headed ogres
  A catoblepas (D:14)
  2 dancing weapons (D:13)
  2 centaur warriors
  4 tengu warriors
  5 orc high priests (Orc:2)
  Sonja (D:12)
  The ghost of omnomnOMINOUS the Conjurer, a novice OpWn of Wu Jian (D:7)
  2 orc knights
  A deep elf pyromancer (D:14)
  5 cyclopes
  5 ugly things
  An orc sorcerer (D:15)
  2 manticores
  An elephant (D:8)
  Joseph (D:10)
  Maurice (D:13)
  3 black mambas (Lair:2)
  2 gargoyles (D:11)
  3 cane toads
  A torpor snail (Gauntlet)
  5 yaktaurs (D:15)
  A kobold demonologist (D:12)
  5 komodo dragons
  2 tengu conjurers
  6 trolls
  A polar bear (Lair:2)
  2 hornets
  5 blink frogs (Lair:2)
  Grinder (D:3)
  Prince Ribbit (D:7)
  12 slime creatures
  A centaur simulacrum (D:10)
  6 wraiths
  4 shadows
  30 yaks
  3 wyverns
  A steam dragon (D:6)
  8 vampire mosquitoes
  2 basilisks
  Menkaure (D:5)
  8 wargs
  9 water moccasins
  5 acid dragons
  3 black bears
  11 orc warriors
  6 ice beasts
  5 ogres
  4 wolves
  9 centaurs
  A phantom (D:4)
  6 kobold brigands
  3 necrophages
  8 bullfrogs
  3 gnoll sergeants
  12 wights
  3 scorpions
  12 killer bees (D:10)
  5 howler monkeys
  3 hounds
  Crazy Yiuf (D:5)
  24 orc priests
  Natasha (thrice) (D:3)
  14 orc wizards
  Ijyb (D:3)
  4 iguanas
  13 gnolls
  9 adders
  2 river rats
  A shadow imp (D:7)
  7 white imps
  2 howler monkey simulacra (D:10)
  2 ufetubi (D:10)
  4 worms (D:4)
  3 dart slugs
  58 orcs
  8 bats
  5 endoplasms
  4 giant cockroaches
  8 goblins
  3 hobgoblins
  7 jackals (Sewer)
  14 kobolds
  2 quokkas
  6 ball pythons
  11 frilled lizards
  6 rats
503 creatures vanquished.

Vanquished Creatures (collateral kills)
  A two-headed ogre (D:12)
  A gnoll sergeant (D:12)
  An orc (Orc:2)
3 creatures vanquished.

Vanquished Creatures (others)
  An orc (Orc:2)
  9 fungi
  54 plants
  17 withered plants (Gauntlet)
81 creatures vanquished.

Grand Total: 587 creatures vanquished

Notes
Turn   | Place    | Note
-------+----------+-------------------------------------------
     0 | D:1      | snetch the Minotaur Berserker began the quest for the Orb.
     0 | D:1      | Reached XP level 1. HP: 19/19 MP: 0/0
   179 | D:2      | Reached XP level 2. HP: 27/27 MP: 1/1
   221 | D:2      | Reached skill level 4 in Axes
   823 | D:1      | Reached XP level 3. HP: 34/34 MP: 2/2
   894 | D:2      | Reached ** piety under Trog
   901 | D:2      | Reached XP level 4. HP: 14/41 MP: 3/3
  1329 | D:3      | Noticed Grinder
  1339 | D:3      | Noticed Natasha
  1349 | D:3      | Killed Grinder
  1350 | D:3      | Reached skill level 5 in Fighting
  1350 | D:3      | Reached skill level 5 in Axes
  1350 | D:3      | Reached skill level 1 in Throwing
  1350 | D:3      | Reached skill level 1 in Stealth
  1350 | D:3      | Reached XP level 5. HP: 16/48 MP: 4/4
  1350 | D:3      | Reached XP level 6. HP: 19/56 MP: 5/5
  1353 | D:3      | Killed Natasha
  1589 | D:3      | Reached skill level 6 in Axes
  1640 | D:3      | You fall into a shaft and drop 2 floors!
  1640 | D:5      | Entered Level 5 of the Dungeon
  2000 | D:4      | Found a glowing drain.
  2007 | Sewer    | Entered a sewer
  2058 | Sewer    | Reached XP level 7. HP: 36/62 MP: 6/6
  2099 | Sewer    | Reached skill level 7 in Axes
  2347 | Sewer    | Reached *** piety under Trog
  2750 | D:3      | Noticed Natasha
  2756 | D:3      | Killed Natasha
  3264 | D:3      | Found a faded altar of an unknown god.
  3287 | D:3      | Noticed Natasha
  3293 | D:3      | Killed Natasha
  3338 | D:3      | Noticed Ijyb
  3346 | D:3      | Killed Ijyb
  3347 | D:3      | Reached skill level 8 in Axes
  3525 | D:3      | Reached XP level 8. HP: 71/71 MP: 7/7
  3701 | D:4      | Identified the +3 leather armour of Objectivity {*Slow
                  | +Blink Int+4}
  4180 | D:5      | Reached skill level 5 in Armour
  4262 | D:5      | Noticed Menkaure
  4266 | D:5      | Killed Menkaure
  4626 | D:5      | Found a runed translucent door.
  4631 | D:5      | Noticed Crazy Yiuf
  4637 | D:5      | Killed Crazy Yiuf
  4645 | D:5      | Identified the +8 mace of Hoefiyhe {vamp, +Blink Int+5}
  4870 | D:6      | Reached skill level 9 in Axes
  4870 | D:6      | Reached skill level 1 in Maces & Flails
  5059 | D:6      | Reached skill level 1 in Shields
  5115 | D:6      | Reached XP level 9. HP: 79/79 MP: 8/8
  5130 | D:6      | Found a staircase to the Ecumenical Temple.
  5142 | Temple   | Entered the Ecumenical Temple
  5455 | D:6      | Reached **** piety under Trog
  5979 | D:7      | Found a runed translucent door.
  6115 | D:7      | Reached skill level 5 in Maces & Flails
  6305 | D:7      | Reached XP level 10. HP: 90/90 MP: 9/9
  6483 | D:7      | Noticed Prince Ribbit
  6494 | D:7      | Killed Prince Ribbit
  7189 | D:7      | Noticed omnomnOMINOUS's ghost (novice OpWn)
  7200 | D:7      | Killed omnomnOMINOUS's ghost
  7543 | D:8      | Noticed a tengu warrior
  7562 | D:8      | Killed a tengu warrior
  7765 | D:8      | Identified the +1 pair of boots "Adozes" {+Blink rPois}
  7926 | D:8      | Reached skill level 10 in Armour
  8161 | D:8      | Noticed an elephant
  8190 | D:8      | Killed an elephant
  8191 | D:8      | Reached XP level 11. HP: 99/99 MP: 10/10
  8195 | D:8      | Found a staircase to the Lair.
  8259 | D:8      | Reached ***** piety under Trog
  8379 | D:8      | Identified the +1 robe of Xakk {SInv}
  8685 | D:9      | Noticed a two-headed ogre
  8692 | D:9      | Killed a two-headed ogre
  8693 | D:9      | Reached skill level 5 in Throwing
  8955 | D:9      | Reached skill level 10 in Fighting
  9202 | D:10     | Entered Level 10 of the Dungeon
  9232 | D:9      | Reached skill level 10 in Maces & Flails
  9523 | D:10     | Noticed Josephine
  9630 | D:10     | Killed Josephine
  9960 | D:10     | Found a snail-covered altar of Cheibriados.
 10033 | D:10     | Noticed a green ugly thing
 10039 | D:10     | Killed a green ugly thing
 10433 | D:10     | Noticed Joseph
 10450 | D:10     | Killed Joseph
 10675 | D:10     | Reached skill level 5 in Shields
 11066 | D:11     | Noticed a purple ugly thing
 11066 | D:11     | Noticed an ogre mage
 11070 | D:11     | Noticed an orc knight
 11072 | D:11     | Noticed a flayed ghost
 11093 | D:11     | Received a gift from Trog
 11264 | D:11     | Noticed a harpy
 11307 | D:11     | Noticed a lindwurm
 11307 | D:11     | a merfolk changed into a lindwurm
 11330 | D:12     | Found a transporter.
 11340 | D:12     | Found a transporter.
 11422 | D:11     | Found a staircase to the Orcish Mines.
 11477 | D:11     | Noticed a two-headed ogre
 11485 | D:11     | Killed a two-headed ogre
 11486 | D:11     | Reached XP level 12. HP: 102/107 MP: 11/11
 11545 | D:11     | Noticed a two-headed ogre
 11553 | D:11     | Killed a two-headed ogre
 11974 | D:11     | Reached skill level 10 in Axes
 12179 | D:12     | Noticed a boulder beetle
 12189 | D:12     | Killed a boulder beetle
 12243 | D:11     | Noticed a broodmother
 12243 | D:11     | a wolf spider changed into a broodmother
 12508 | D:12     | Found a transporter.
 12509 | D:12     | Found a transporter.
 12515 | D:12     | Noticed Sonja
 12552 | D:12     | Killed Sonja
 12640 | D:12     | Noticed a boulder beetle
 12654 | D:12     | Killed a boulder beetle
 12734 | D:12     | Noticed a five-headed hydra
 12738 | D:12     | Killed a three-headed hydra
 12739 | D:12     | Reached skill level 11 in Axes
 12823 | D:13     | Noticed a centaur warrior
 12825 | D:13     | Killed a centaur warrior
 12831 | D:13     | Noticed a two-headed ogre
 12835 | D:13     | Killed a two-headed ogre
 12866 | D:13     | Noticed Maurice
 12878 | D:13     | Killed Maurice
 12959 | D:13     | Found a gate leading to a gauntlet.
 13007 | Gauntlet | Entered a Gauntlet
 13007 | Gauntlet | Found a transporter.
 13007 | Gauntlet | Found a transporter.
 13007 | Gauntlet | Found a transporter.
 13011 | Gauntlet | Found a transporter.
 13013 | Gauntlet | Found a large runed translucent door.
 13014 | Gauntlet | Found a large runed translucent door.
 13014 | Gauntlet | Noticed a seven-headed hydra
 13015 | Gauntlet | Found a large runed translucent door.
 13015 | Gauntlet | Found a large runed translucent door.
 13015 | Gauntlet | Found a runed translucent door.
 13016 | Gauntlet | Found a large runed translucent door.
 13019 | Gauntlet | Found a large runed translucent door.
 13019 | Gauntlet | Found a large runed translucent door.
 13020 | Gauntlet | Found a large runed translucent door.
 13021 | Gauntlet | Found a runed translucent gate.
 13025 | Gauntlet | Found a transporter.
 13089 | Gauntlet | Found a transporter.
 13099 | Gauntlet | Found a transporter.
 13115 | Gauntlet | Found a transporter.
 13125 | Gauntlet | Found a transporter.
 13135 | Gauntlet | Found the +3 salamander hide armour {Flames rF++ rC--}
 13141 | Gauntlet | Found a transporter.
 13143 | Gauntlet | Found a large runed translucent door.
 13144 | Gauntlet | Found a large runed translucent door.
 13145 | Gauntlet | Found a large runed translucent door.
 13146 | Gauntlet | Found a large runed translucent door.
 13146 | Gauntlet | Found a runed translucent gate.
 13147 | Gauntlet | Found a large runed translucent door.
 13147 | Gauntlet | Found a large runed translucent door.
 13147 | Gauntlet | Found a runed translucent door.
 13147 | Gauntlet | Found a transporter.
 13147 | Gauntlet | Found a runed translucent gate.
 13148 | Gauntlet | Found a large runed translucent door.
 13149 | Gauntlet | Found a large runed translucent door.
 13171 | Gauntlet | Found a transporter.
 13259 | Gauntlet | Killed a five-headed hydra
 13310 | Gauntlet | Identified the +0 robe of Kafea {Str+2}
 13312 | Gauntlet | Identified the +3 war axe "Minotaur's Regret" {speed,
                  | Int+4}
 13331 | Gauntlet | Noticed a minotaur
 13340 | Gauntlet | Killed a minotaur
 13341 | Gauntlet | Reached skill level 12 in Axes
 13376 | Gauntlet | Got the Compendium of Calling
 13468 | D:13     | Noticed a two-headed ogre
 13474 | D:13     | Killed a two-headed ogre
 13568 | D:12     | Identified the +2 trident of Arbitration {pain, Str+6 Dex-5
                  | SInv}
 13582 | D:12     | Noticed a two-headed ogre
 13583 | D:12     | Noticed a five-headed hydra
 13601 | D:12     | Killed a two-headed ogre
 13602 | D:12     | Reached XP level 13. HP: 53/116 MP: 12/12
 13773 | D:12     | Found a transporter.
 13774 | D:12     | Found a transporter.
 13804 | D:12     | Reached skill level 13 in Axes
 14326 | D:13     | Found a gate to the Vaults.
 14829 | D:14     | Reached skill level 14 in Axes
 15031 | D:15     | Entered Level 15 of the Dungeon
 15131 | D:15     | Found Gecer's Jewellery Shop.
 15509 | D:15     | Found a staircase to the Depths.
 15509 | D:15     | Noticed a fire giant
 15625 | D:15     | Paralysed by an orc sorcerer for 3 turns
 15632 | D:15     | Reached skill level 15 in Axes
 15757 | D:15     | Killed a fire giant
 15804 | D:15     | Received a gift from Trog
 15946 | D:15     | Found Mits's CLEARANCE SALE!.
 15960 | D:15     | Bought a scroll of magic mapping for 14 gold pieces
 15960 | D:15     | Bought a scroll of teleportation for 12 gold pieces
 15960 | D:15     | Bought a scroll of immolation for 14 gold pieces
 16056 | D:15     | Reached XP level 14. HP: 28/127 MP: 13/13
 16533 | Lair:1   | Entered Level 1 of the Lair of Beasts
 16835 | Lair:1   | Reached skill level 15 in Armour
 17472 | Lair:2   | Reached skill level 16 in Axes
 17870 | Lair:2   | Found a staircase to the Snake Pit.
 18028 | Orc:1    | Entered Level 1 of the Orcish Mines
 18185 | Orc:2    | Entered Level 2 of the Orcish Mines
 18244 | Orc:2    | Found a staircase to the Elven Halls.
 18301 | Orc:2    | Noticed Erolcha
 18309 | Orc:2    | Noticed an orc warlord
 18443 | Orc:2    | Killed an orc warlord
 18522 | Orc:2    | Killed Erolcha
 18601 | Orc:2    | Reached skill level 1 in Evocations
 18660 | Orc:2    | Found Qebiz's Book Shop.
 18660 | Orc:2    | Found Kiarchid's Antique Armour Emporium.
 18680 | Orc:2    | Reached skill level 17 in Axes
 18768 | Orc:2    | Reached ****** piety under Trog
 18803 | Orc:2    | HP: 1/126 [soul eater[an orc high priest] (6)]
 18807 | Orc:2    | Killed from afar by an orc high priest

Illustrated notes

Levels and vault maps discovered:
D:1:      beargit_arrival_diablo_church, layout_loops_ring
D:2:      layout_basic
D:3:      layout_rooms, ebering_ecumenical_altar_sacrificial,
          kennysheep_generic_room_5, uniq_grinder, uniq_ijyb, uniq_natasha
D:4:      layout_rooms, lightli_sewer_entry_pipes
D:5:      layout_cave_pools, uniq_menkaure, uniq_crazy_yiuf_cottage
D:6:      layout_basic, minmay_temple_entry_mini_moons
D:7:      layout_loops_corners, ebering_ghost_reflecting_pool,
          grunt_decor_one_mirror, uniq_prince_ribbit1
D:8:      minmay_curly_fans, layout_loops_ring, david_lair_generic,
          minmay_fractal_squares_5
D:9:      layout_roguey
D:10:     minmay_chambers_of_sixes, layout_stronghold,
          mainiacjoe_overflow_catwalk, serial_ice, serial_ice_h, serial_ice_o,
          serial_ice_e, serial_ice_m, serial_ice_d, uniq_josephine, uniq_joseph
D:11:     layout_long_grid, orc_0_dummy, minivault_19,
          onia_ninara_dug_in_and_dangerous
D:12:     minmay_opposing_rooms, layout_cave_pods, serial_nicolae_subway,
          nicolae_sub_station_stone, nicolae_sub_station_metal,
          nicolae_sub_station_crystal, uniq_sonja
D:13:     layout_loops_ring, erik_vaults_1, gauntlet_entry_generic, uniq_maurice
D:14:     layout_rooms
D:15:     grunt_enter_depths_giant_problem, layout_gridville, serial_shops,
          shop, dk_noncrumbling_2, nicolae_shop_clearance
Temple:   mainiacjoe_temple_hex_bubbles
Lair:1:   layout_cave_pods, small_statue_intersection, grunt_megastairs_3
Lair:2:   layout_cave_pods, palyth_hydra_swamp_entry,
          minmay_snake_entry_six_corridors, nicolae_lair_liquid_snakes,
          serial_bayou_shore_b
Lair:3:   layout_chaotic_city, chequers_serial_rivers_micro_d,
          grunt_megastairs_1, lemuel_fruit_fields, infiniplex_staircase_pool_2,
          uniq_snorg
Orc:1:    layout_caves, serial_shops, nicolae_lakefront_shop, library_closet,
          bloody_makhleb
Orc:2:    st_orc_town, layout_caves, basic_altar, uniq_erolcha

Skill      XL: |  1  2  3  4  5  6  7  8  9 10 11 12 13 14 |
---------------+-------------------------------------------+-----
Axes           | 4 5 6 8 9 12 15 17 | 17.1
Fighting       | 4 5 6 7 8 9 10 11 12 13 | 13.4
Throwing       | 1 3 4 6 7 8 |  8.2
Dodging        | 3 4 |  4.9
Stealth        | 1 2 |  2.8
Armour         | 3 4 6 8 10 12 13 14 15 | 15.4
Maces & Flails | 1 6 9 11 | 11.4
Shields        | 1 2 5 |  5.1
Evocations     | 1 |  1.2
Polearms       | |  0.5

Action                   |  1- 3 |  4- 6 |  7- 9 | 10-12 | 13-15 || total
-------------------------+-------+-------+-------+-------+-------++-------
Melee: Hand axe          |    42 |    23 |       |     4 |       ||    69
       Headbutt          |     4 |    10 |    51 |    69 |    46 ||   180
       War axe           |       |    50 |   148 |       |       ||   198
       Mace              |       |       |    85 |   276 |       ||   361
       Battleaxe         |       |       |       |    95 |   109 ||   204
       Executioner's axe |       |       |       |       |   163 ||   163
       Trident           |       |       |       |       |     2 ||     2
Throw: Dart              |     7 |       |    28 |    53 |    30 ||   118
       Stone             |       |       |       |    18 |     4 ||    22
       Boomerang         |       |       |       |     1 |    12 ||    13
Invok: Berserk           |     1 |     1 |       |     4 |     5 ||    11
       Trog's Hand       |     1 |       |       |     2 |     4 ||     7
       Brothers in Arms  |       |       |       |     1 |     1 ||     2
Evoke: Wand              |       |       |       |       |    31 ||    31
       Condenser vane    |       |       |       |       |     1 ||     1
  Use: Scroll            |       |       |       |    15 |     7 ||    22
       Potion            |       |       |       |       |     5 ||     5
 Stab: Sleeping          |     2 |       |       |       |       ||     2
       Distracted        |       |       |       |       |     1 ||     1
Armor: Animal skin       |    14 |     1 |       |       |       ||    15
       Scale mail        |       |    17 |    26 |       |       ||    43
       Leather armour    |       |     4 |       |       |       ||     4
       Chain mail        |       |       |    51 |    12 |       ||    63
       Plate armour      |       |       |       |   192 |   273 ||   465
Dodge: Dodged            |    41 |    52 |   114 |   211 |   174 ||   592
Block: Buckler           |       |       |    15 |    79 |       ||    94

Table legend: (Time is in decaauts)
 A = Elapsed time spent in this place.
 B = Non-inter-level travel time spent in this place.
 C = Inter-level travel time spent in this place.
 D = Time resting spent in this place.
 E = Time spent auto-exploring this place.
 F = Levels seen in this place.
 G = Mean time per level.
                   A        B        C        D        E       F      G
               +--------+--------+--------+--------+--------+-----+--------+
         Total |  19124 |  17895 |   1229 |    503 |  10860 |  23 |  831.5 |
       Dungeon |  15412 |  14279 |   1133 |    333 |   9068 |  15 | 1027.5 |
        Temple |    243 |    228 |     15 |      0 |    225 |   1 |  243.0 |
          Lair |   1422 |   1351 |     71 |      0 |    884 |   3 |  474.0 |
  Orcish Mines |    795 |    786 |      9 |    170 |    388 |   2 |  397.5 |
         Sewer |    850 |    850 |      0 |      0 |    295 |   1 |  850.0 |
      Gauntlet |    401 |    401 |      0 |      0 |      0 |   1 |  401.0 |
               +--------+--------+--------+--------+--------+-----+--------+

Top non-repeatable levels by time:
     D:7: 1495 daAuts
     D:9: 1358 daAuts
    D:11: 1297 daAuts
    D:12: 1240 daAuts
    D:10: 1205 daAuts
     D:8: 1197 daAuts
     D:1: 1061 daAuts
    D:15: 1026 daAuts
     D:2: 967 daAuts
     D:5: 945 daAuts
  Lair:1: 936 daAuts
     D:6: 933 daAuts
    D:13: 874 daAuts
   Sewer: 850 daAuts
     D:4: 610 daAuts
